 Dungeon Crawl Stone Soup version 0.23.2-33-g5129a83184 (webtiles) character file.

Game seed: 5204867880216238691

99 Brecoman the Gusty (level 4, -4/24 HPs)
             Began as a Tengu Air Elementalist on July 30, 2019.
             Was a Follower of Nemelex Xobeh.
             Slain by a gnoll
             ... wielding a +0 halberd
              (11 damage)
             ... on level 3 of the Dungeon.
             The game lasted 00:09:34 (2487 turns).

Brecoman the Gusty (Tengu Air Elementalist)         Turns: 2487, Time: 00:09:34

Health: -4/24      AC:  4    Str:  9    XL:     4   Next: 72%
Magic:  9/9        EV: 13    Int: 16    God:    Nemelex Xobeh [*.....]
Gold:   162        SH:  0    Dex: 14    Spells: 7/8 levels left

rFire    . . .     SeeInvis .   r - +2 hand axe (freeze)
rCold    . . .     Gourm    .   (no shield)
rNeg     . . .     Faith    .   a - +0 robe
rPois    .         Spirit   .   (helmet restricted)
rElec    .         Reflect  .   g - +0 cloak
rCorr    .         Harm     .   k - +0 pair of gloves
MR       +....                  (boots unavailable)
Stlth    ++........             (no amulet)
HPRegen  0.08/turn              e - ring of protection from magic
MPRegen  0.11/turn              (no ring)

@: lethally poisoned (-4 -> -8)
A: beak, talons 3
a: Draw Escape, Draw Destruction, Draw Summoning, Renounce Religion


You were on level 3 of the Dungeon.
You worshipped Nemelex Xobeh.
Nemelex Xobeh was aware of your devotion.
You were not hungry.

You visited 1 branch of the dungeon, and saw 3 of its levels.

You collected 162 gold pieces.

Inventory:

Hand Weapons
 l - a +0 long sword
 n - a +3 short sword
 r - a +2 hand axe of freezing (weapon)
Missiles
 b - 53 stones (quivered)
Armour
 a - a +0 robe (worn)
 g - a +0 cloak (worn)
 k - a +0 pair of gloves (worn)
Jewellery
 e - a ring of protection from magic (left hand)
Wands
 o - a wand of iceblast (7)
Potions
 d - a potion of curing
 f - a potion of degeneration
 h - a potion of cancellation
 j - 3 potions of lignification
Comestibles
 c - 5 rations
 i - a chunk of flesh


   Skills:
 + Level 3.2 Dodging
 - Level 2.0 Stealth
 + Level 2.7 Spellcasting
 - Level 1.3 Conjurations
 * Level 5.7 Air Magic


You had 7 spell levels left.
You knew the following spells:

 Your Spells              Type           Power        Failure   Level  Hunger
a - Shock                 Conj/Air       ##..         4%          1    #......

Your spell library contained the following spells:

 Spells                   Type           Power        Failure   Level  Hunger
 Swiftness                Chrm/Air       ##......     9%          2    ##.....
 Static Discharge         Conj/Air       ##......     14%         3    ###....
 Airstrike                Air            ###.......   19%         4    #####..
 Lightning Bolt           Conj/Air       ##........   77%         5    ######.


Dungeon Overview and Level Annotations

Branches:
Dungeon (3/15)

Altars:
Nemelex Xobeh
Ru
Zin

Shops:
D:2 *


Innate Abilities, Weirdness & Mutations

You have a beak for a mouth.
You have claws for feet.


Message History

The gnoll hits you from afar with a +0 halberd.
The adder bites you but does no damage.
You closely miss the adder. Your kick misses the adder.
Your peck misses the adder.
The adder is heavily wounded.
You feel sick. The adder bites you. The gnoll completely misses you.
The adder closely misses you.
You hit the adder.
The adder seems to slow down.
You freeze the adder.
You kill the adder!
The gnoll barely misses you.
Casting: Shock (safe; 4% risk of failure)
Confirm with . or Enter, or press ? or * to list all spells.
Aiming: Shock (safe; 4% risk of failure)
Press: ? - help, Shift-Dir - straight line, f - gnoll
Aim: a gnoll, wielding a +0 halberd
Okay, then.
You feel sick.
The gnoll hits you from afar with a +0 halberd!
You die...
Your body glows slightly and disappears.

### ### ... #.. ..≈ #
#..#.# # ..≈≈
#.####..#.##.# ...≈
.....?....g. #≈.≈
#.#..#.##g######## #..≈
.................####.≈≈
^####.@#...........#..≈
#..#########.#....≈ #..#
#.###.≈≈ #..# #.# #..≈
#... ####.###... #..#
#.......### #.>#
#.......# # #..#
#.......# # #......÷# #


You could see 2 gnolls.

Vanquished Creatures
  Terence (D:1)
  3 adders
  A worm (D:2)
  3 dart slugs
  A leopard gecko (D:1)
  A ball python (D:1)
  3 giant cockroaches
  7 goblins
  4 hobgoblins (D:1)
  5 kobolds
  3 bats (D:2)
  2 frilled lizards
  3 rats
37 creatures vanquished.

Notes
Turn   | Place    | Note
-------+----------+-------------------------------------------
     0 | D:1      | Brecoman the Tengu Air Elementalist began the quest for the
                  | Orb.
     0 | D:1      | Reached XP level 1. HP: 10/10 MP: 4/4
   673 | D:1      | Reached XP level 2. HP: 10/15 MP: 1/6
   876 | D:1      | Found a sparkling altar of Nemelex Xobeh.
   880 | D:1      | Became a worshipper of Nemelex Xobeh the Trickster
   891 | D:1      | Received a gift from Nemelex Xobeh
  1139 | D:2      | Noticed Terence
  1158 | D:1      | Killed Terence
  1158 | D:1      | Reached skill level 5 in Air Magic
  1158 | D:1      | Reached XP level 3. HP: 11/19 MP: 0/7
  1304 | D:2      | Found Zin's Purification Station.
  1326 | D:2      | Found a glowing silver altar of Zin.
  1347 | D:2      | Found a sacrificial altar of Ru.
  1591 | D:2      | Received a gift from Nemelex Xobeh
  1596 | D:2      | Reached XP level 4. HP: 24/24 MP: 5/8
  2264 | D:2      | Reached * piety under Nemelex Xobeh
  2424 | D:3      | Found a faded altar of an unknown god.
  2487 | D:3      | Slain by a gnoll

Skill      XL: |  1  2  3 |
---------------+----------+-----
Air Magic      | 5 |  5.7
Dodging        | 3 |  3.2
Stealth        | |  2.0
Spellcasting   | |  2.7
Conjurations   | |  1.3

Action                   |  1- 3 |  4- 6 || total
-------------------------+-------+-------++-------
Melee: Unarmed           |    17 |       ||    17
       Kick              |     8 |     4 ||    12
       Peck              |     6 |     4 ||    10
       Long sword        |     5 |       ||     5
       Short sword       |     5 |    16 ||    21
       Hand axe          |       |    12 ||    12
 Cast: Shock             |    27 |     7 ||    34
  Use: Scroll            |       |     7 ||     7
 Stab: Sleeping          |     1 |       ||     1
       Distracted        |       |     1 ||     1
  Eat: Chunk             |     2 |     3 ||     5
Armor: Robe              |     6 |    14 ||    20
Dodge: Dodged            |    36 |    20 ||    56
       Rpst.: Long sword |     4 |       ||     4
